 Dungeon Crawl Stone Soup version 0.30-a0-777-ga9a30cbeda (webtiles) character file.

Game seed: 190076265031188461

347 Zenkrye the Poker (level 6, 0/47 HPs)
             Began as a Human Cinder Acolyte on Feb 13, 2023.
             Was a High Priest of Ignis.
             Slain by a gnoll sergeant
             ... wielding a +2 spear of flaming
              (1 damage)
             ... on level 5 of the Dungeon.
             The game lasted 00:10:41 (3311 turns).

Zenkrye the Poker (Human Cinder Acolyte)            Turns: 3311, Time: 00:10:41

Health: 0/47       AC: 10    Str: 23    XL:     6   Next: 91%
Magic:  9/9        EV:  7    Int: 14    God:    Ignis [*****.]
Gold:   110        SH:  4    Dex:  8    Spells: 7/9 levels left

rFire   + . .      SeeInvis .    s - +3 trident (freeze)
rCold   . . .      Faith    .    j - +0 buckler
rNeg    . . .      Spirit   .    r - +0 chain mail
rPois   .          Reflect  .    g - +0 helmet
rElec   .          Harm     .    n - +0 cloak
rCorr   .          Rampage  .    (no gloves)
Will    .....                    (no boots) Stlth
                                 (no amulet)
HPRegen 0.27/turn                p - +6 ring of strength
MPRegen 0.11/turn                (no ring)

@: no status effects
A: no striking features
a: Renounce Religion, Fiery Armour, Foxfire Swarm, Rising Flame


You were on level 5 of the Dungeon.
You worshipped Ignis.
Ignis was extremely pleased with you.
You visited 1 branch of the dungeon, and saw 5 of its levels.

You collected 204 gold pieces.
You spent 94 gold pieces at shops.

Inventory:

Hand Weapons
 a - a -1 spear of flaming
 c - a +0 sling
 s - a +3 trident of freezing (weapon)
Missiles
 i - a boomerang (quivered)
 k - a throwing net {!f}
 q - 2 silver boomerangs
Armour
 b - a +0 robe
 g - a +0 helmet (worn)
 h - a +0 kite shield
 j - a +0 buckler (worn)
 n - a +0 cloak (worn)
 r - a +0 chain mail (worn)
Jewellery
 p - a +6 ring of strength (left hand)
Wands
 v - a wand of acid (2) {@v2}
Scrolls
 m - 2 scrolls of teleportation {@r3}
 u - a scroll of fear {unknown}
 w - a scroll of identify {unknown}
Potions
 d - 6 potions of curing {@q1}
 e - a potion of lignification {unknown}
 f - a potion of ambrosia {unknown}
 l - 2 potions of flight {unknown}
 o - a potion of degeneration {unknown}


   Skills:
 - Level 3.0 Fighting
 + Level 4.7 Polearms
 + Level 3.1 Shields
 - Level 2.0 Spellcasting
 + Level 4.7 Fire Magic


You had 7 spell levels left.
You knew the following spells:

 Your Spells              Type           Power      Damage    Failure   Level
a - Scorch                Fire           28%        2d6       54%         2

Your spell library contained the following spells:

 Spells                   Type           Power      Damage    Failure   Level
 Blink                    Tloc           2%         N/A       99%         2
 Lesser Beckoning         Tloc           2%         N/A       99%         2
 Momentum Strike          Conj/Tloc      2%         3d8       99%         2


Dungeon Overview and Level Annotations

Branches:
Dungeon (5/15)
 Temple: D:4-7

Altars:

Shops:
D:1 [   D:3 [   D:4 [*

Annotations:
D:2 Terence
D:5 2 runed translucent doors


Message History

You barely miss the gnoll sergeant.
The gnoll sergeant hits you with a +2 spear of flaming.
The gnoll sergeant burns you.
You puncture the gnoll sergeant! You freeze the gnoll sergeant.
The gnoll sergeant is moderately wounded.
The gnoll sergeant barely misses you.
You hit the gnoll sergeant. You freeze the gnoll sergeant.
The gnoll sergeant is heavily wounded.
You block the gnoll sergeant's attack.
You hit the gnoll sergeant but do no damage.
The gnoll sergeant is heavily wounded.
The gnoll sergeant hits you but does no damage.
The gnoll sergeant hits you with a +2 spear of flaming!
The gnoll sergeant burns you.
You hit the gnoll sergeant but do no damage.
The gnoll sergeant is heavily wounded.
You block the gnoll sergeant's attack.
You barely miss the gnoll sergeant.
The gnoll sergeant is heavily wounded.
The gnoll sergeant hits you but does no damage.
You hit the gnoll sergeant. You freeze the gnoll sergeant.
The gnoll sergeant is heavily wounded.
The gnoll sergeant closely misses you.
You barely miss the gnoll sergeant.
The gnoll sergeant is heavily wounded.
The gnoll sergeant hits you with a +2 spear of flaming!
You hit the gnoll sergeant. You freeze the gnoll sergeant.
The gnoll sergeant is severely wounded.
The gnoll sergeant hits you with a +2 spear of flaming.
* * * LOW HITPOINT WARNING * * *
The gnoll sergeant hits you from afar with a +2 spear of flaming!
* * * LOW HITPOINT WARNING * * *
The gnoll sergeant burns you.
* * * LOW HITPOINT WARNING * * *
There is an escape hatch in the ceiling here.
Really go through this one-way escape hatch?
The gnoll sergeant hits you from afar with a +2 spear of flaming!
* * * LOW HITPOINT WARNING * * *
The gnoll sergeant burns you.
You die...

....#....>## ...........#....#
...........#....#
..........#....#
.##.....##....# #.....##....#
###+###......#...####
#.(+............#...##.. #
#..##..@........'....... #.
#..##...##.....##...##.. #..
...##..g##.....##.(.##.. #...
#..##...##.....#........
#..gg##...#..g.#.....#........
.gg.......#..g.#.....#....##..
#g.##....#.....##...##..
#..##...##.....##...##..
########.g##..#.##.#..##....#..


You could see a gnoll sergeant and 2 gnolls.

Vanquished Creatures
  An ogre (D:5)
  A necrophage (D:4)
  An iguana (D:5)
  2 orc wizards (D:5)
  A gnoll (D:5)
  6 adders
  An ufetubus (D:5)
  2 dart slugs
  2 orcs
  3 ball pythons
  6 endoplasms
  4 giant cockroaches
  6 goblins
  7 hobgoblins
  2 jackals (D:3)
  4 bats
  4 kobolds
  5 rats
58 creatures vanquished.

Notes
Turn   | Place    | Note
-------+----------+-------------------------------------------
     0 | D:1      | Zenkrye the Human Cinder Acolyte began the quest for the
                  | Orb.
     0 | D:1      | Reached XP level 1. HP: 18/18 MP: 2/2
   108 | D:1      | Reached XP level 2. HP: 22/24 MP: 3/3
   115 | D:1      | Learned a level 2 spell: Scorch
   337 | D:1      | Found Cauv's Antique Armour Shoppe.
   458 | D:1      | Reached XP level 3. HP: 29/29 MP: 0/5
   524 | D:1      | Found a faded altar of an unknown god.
  1111 | D:2      | Reached XP level 4. HP: 35/35 MP: 3/6
  1232 | D:2      | Noticed Terence
  1482 | D:3      | Reached skill level 1 in Shields
  2050 | D:3      | Found Beizov's Armour Shop.
  2260 | D:4      | Found Gomesui's General Store.
  2280 | D:4      | Noticed a black bear
  2300 | D:3      | Reached XP level 5. HP: 41/41 MP: 8/8
  2335 | D:4      | Found Zayjal's Antique Armour Shop.
  2338 | D:4      | Bought a cloak for 94 gold pieces
  2706 | D:5      | Entered Level 5 of the Dungeon
  2811 | D:5      | Found a runed translucent door.
  2812 | D:5      | Noticed a vampire mosquito
  2818 | D:5      | Found a runed translucent door.
  2864 | D:5      | Reached XP level 6. HP: 15/47 MP: 9/9
  3034 | D:5      | Noticed an ogre
  3042 | D:5      | Killed an ogre
  3311 | D:5      | HP: 1/47 [gnoll sergeant/+2 spear of flaming (7)]
  3311 | D:5      | Slain by a gnoll sergeant

Illustrated notes

Levels and vault maps discovered:
D:1:      psy_arrival_fountain, layout_basic, serial_shops,
          nicolae_shop_overgrown_old_shop, shapermc_ecumenical_altar_pompeii
D:2:      layout_basic, serial_bayou_pond_e, cheibrodos_gnoll_hut, uniq_terence
D:3:      layout_basic, serial_shops, nicolae_shop_statue_plus
D:4:      layout_gridville, gammafunk_temple_overflow_forgotten, serial_shops,
          shop, nicolae_diamond_shop, nicolae_stop_n_shop_1, shop, minmay_cupped
D:5:      lemuel_insect_pit, layout_gridville, st_stairs_7

Skill      XL: |  1  2  3  4  5  6 |
---------------+-------------------+-----
Spellcasting   | 2 |  2.0
Shields        | 1 2 3 |  3.1
Polearms       | 4 |  4.7
Fire Magic     | 4 |  4.7
Fighting       | |  3.0

Action                     |  1- 3 |  4- 6 || total
---------------------------+-------+-------++-------
  Melee: Spear             |    80 |   148 ||   228
         Trident           |       |    17 ||    17
   Fire: Sling             |     6 |       ||     6
  Throw: Boomerang         |     7 |    22 ||    29
   Cast: Scorch            |     7 |     5 ||    12
  Evoke: Wand              |       |     3 ||     3
    Use: Scroll            |     1 |     5 ||     6
         Potion            |       |     1 ||     1
 Armour: Robe              |    23 |     4 ||    27
         Chain mail        |       |    72 ||    72
  Dodge: Dodged            |    36 |    53 ||    89
  Block: Buckler           |     2 |    24 ||    26

Table legend: (Time is in decaauts)
 A = Elapsed time spent in this place.
 B = Non-inter-level travel time spent in this place.
 C = Inter-level travel time spent in this place.
 D = Time resting spent in this place.
 E = Time spent auto-exploring this place.
 F = Levels seen in this place.
 G = Mean time per level.
                   A        B        C        D        E       F      G
               +--------+--------+--------+--------+--------+-----+--------+
         Total |   3311 |   3153 |    158 |    323 |   2129 |   5 |  662.2 |
       Dungeon |   3311 |   3153 |    158 |    323 |   2129 |   5 |  662.2 |
               +--------+--------+--------+--------+--------+-----+--------+

Top non-repeatable levels by time:
     D:3: 1088 daAuts
     D:1: 748 daAuts
     D:5: 599 daAuts
     D:2: 523 daAuts
     D:4: 351 daAuts
